 Dungeon Crawl Stone Soup version 0.21-a0-39-g28ea6b7 (webtiles) character file.

430 Kidiri the Magician (level 6, -4/32 HPs)
             Began as a Deep Elf Fire Elementalist on June 1, 2017.
             Killed from afar by anet's ghost (8 damage)
             ... with a magic dart
             ... on level 5 of the Dungeon.
             The game lasted 00:10:02 (3754 turns).

Kidiri the Magician (Deep Elf Fire Elementalist)    Turns: 3754, Time: 00:10:02

Health: -4/32      AC:  3    Str:  5    XL:     6   Next: 66%
Magic:  10/17      EV: 13    Int: 22    God:
Gold:   191        SH:  0    Dex: 15    Spells: 0/18 levels left

rFire    x . .     SeeInvis .   i - +0 dagger
rCold    + . .     Gourm    .   (no shield)
rNeg     . . .     Faith    .   a - +0 robe
rPois    .         Spirit   .   (no helmet)
rElec    .         Reflect  .   (no cloak)
rCorr    .         Harm     .   (no gloves)
MR       .....                  x - +0 pair of boots
Stlth    +.........             n - amulet of rage
Regen    0.1/turn               u - ring of ice (curse)
MPRegen  0.2/turn               y - ring of loudness (curse)

@: no status effects
A: no striking features
a: Evoke Berserk Rage


You were on level 5 of the Dungeon.
You were hungry.

You visited 1 branch of the dungeon, and saw 5 of its levels.

You collected 191 gold pieces.

Inventory:

Hand Weapons
 i - a +0 dagger (weapon)
Armour
 a - a +0 robe (worn)
 x - a +0 pair of boots (worn)
Jewellery
 j - an uncursed ring of fire
 n - an amulet of rage (around neck)
 s - a +5 ring of intelligence
 u - a cursed ring of ice (left hand)
 y - a cursed ring of loudness (right hand)
Wands
 e - a wand of acid (5/15)
 m - a wand of lightning (13/15)
 v - a wand of acid (10/15)
 w - a wand of acid (2/15)
Scrolls
 g - a scroll of teleportation
 q - a scroll of fog
 t - a scroll of amnesia
Potions
 d - 2 potions of heal wounds
 f - 2 potions of cancellation
 k - 2 potions of curing
 l - 3 potions of haste {unknown}
 r - a potion of might
 z - 2 potions of ambrosia {unknown}
Books
 b - a book of Flames

   Spells                             Type                      Level
   a - Flame Tongue                   Conjuration/Fire             1
   b - Throw Flame                    Conjuration/Fire             2
   c - Conjure Flame                  Conjuration/Fire             3
   d - Inner Flame                    Hexes/Fire                   3
   e - Sticky Flame                   Conjuration/Fire             4
   f - Fireball                       Conjuration/Fire             5
Comestibles
 c - 3 bread rations
 h - 2 fruits
 p - 2 meat rations


   Skills:
 + Level 0.1 Fighting
 + Level 0.2 Short Blades
 + Level 0.0 Armour
 + Level 2.4 Dodging
 - Level 2.4 Stealth
 * Level 6.9 Spellcasting
 + Level 4.0 Conjurations
 + Level 4.9 Fire Magic


You couldn't memorise any spells.
You knew the following spells:

 Your Spells              Type           Power        Failure   Level  Hunger
a - Flame Tongue          Conj/Fire      ####.        1%          1    None
b - Throw Flame           Conj/Fire      ####..       1%          2    None
c - Conjure Flame         Conj/Fire      ####....     4%          3    None
d - Inner Flame           Hex/Fire       ###.....     9%          3    None
e - Sticky Flame          Conj/Fire      ####....     13%         4    ###....
f - Fireball              Conj/Fire      ####......   36%         5    #####..


Dungeon Overview and Level Annotations

Branches:
Dungeon (5/15)
 Temple: D:4-7

Altars:
Sif Muna

Shops:
D:4 (

Annotations:
D:5 anet's ghost, novice HOWz


Message History

Press: ? - help, Shift-Dir - straight line, f/p - anet's ghost
Aim: anet's ghost (flame, lightly damaged)
The flame tongue hits anet's ghost.
Anet's ghost resists.
Anet's ghost is lightly damaged.
Anet's ghost is engulfed in blazing flames.
Anet's ghost hits you!
Casting: Flame Tongue
Confirm with . or Enter, or press ? or * to list all spells.
Aiming: Flame Tongue
Press: ? - help, Shift-Dir - straight line, f/p - anet's ghost
Aim: anet's ghost (flame, moderately damaged)
The flame tongue hits anet's ghost.
Anet's ghost resists.
Anet's ghost is moderately damaged.
Anet's ghost is engulfed in blazing flames.
Anet's ghost hits you!
* * * LOW HITPOINT WARNING * * *
Unknown command.
Anet's ghost gestures at you while chanting.
The magic dart hits you!
You die...

#..........#
#..........#
###.........(#
..........)..+
#..........#
#....<.....# # #
#..........##.#
.##.#.####............).
.......@.W...........[..
.##.#.################..
# .. . .


You could see anet's ghost.

Vanquished Creatures
  A phantom (D:4)
  A howler monkey (D:4)
  A hound (D:5)
  A jelly (D:5)
  2 orc wizards (D:5)
  A worker ant (D:4)
  4 adders
  4 gnolls
  An ooze (D:2)
  3 worms
  2 leopard geckos
  9 orcs
  4 ball pythons
  4 bats
  7 giant cockroaches
  5 hobgoblins
  2 quokkas (D:3)
  8 frilled lizards
  7 goblins
  11 kobolds
  10 rats
88 creatures vanquished.

Notes
Turn   | Place    | Note
-------+----------+-------------------------------------------
     0 | D:1      | Kidiri the Deep Elf Fire Elementalist began the quest for the Orb.
     0 | D:1      | Reached XP level 1. HP: 10/10 MP: 6/6
   269 | D:1      | Reached XP level 2. HP: 15/15 MP: 4/8
   277 | D:1      | Learned a level 2 spell: Throw Flame
   504 | D:1      | Reached skill level 4 in Spellcasting
   847 | D:2      | Reached XP level 3. HP: 19/19 MP: 7/10
   861 | D:2      | Learned a level 3 spell: Conjure Flame
   865 | D:2      | Learned a level 3 spell: Inner Flame
  1379 | D:2      | Reached XP level 4. HP: 22/24 MP: 5/12
  2105 | D:3      | Reached skill level 5 in Spellcasting
  2683 | D:3      | Learned a level 4 spell: Sticky Flame
  2800 | D:4      | Reached XP level 5. HP: 26/28 MP: 3/15
  3110 | D:4      | Reached skill level 6 in Spellcasting
  3292 | D:4      | Noticed a phantom
  3305 | D:4      | Killed a phantom
  3305 | D:4      | Reached XP level 6. HP: 32/32 MP: 4/17
  3369 | D:4      | Found Veuquc's Weapon Shoppe.
  3420 | D:4      | Found a deep blue altar of Sif Muna.
  3620 | D:5      | Entered Level 5 of the Dungeon
  3639 | D:5      | Noticed anet's ghost (novice HOWz)
  3656 | D:4      | Learned a level 5 spell: Fireball
  3754 | D:5      | Killed from afar by anet's ghost

Vault maps used:
D:1:      evilmike_arrival_crescent
D:2:      minmay_diamond_boxcup, first_bread
D:3:      minmay_misc_feat_plants
D:4:      old_standard_altar, serial_shops, kennysheep_mini
D:5:      lemuel_round_altar, uniq_duvessa

Skill      XL: |  1  2  3  4  5  6 |
---------------+-------------------+-----
Spellcasting   | 4 5 6 |  6.9
Conjurations   | 2 3 4 |  4.0
Fire Magic     | 4 |  4.9
Fighting       | |  0.1
Short Blades   | |  0.2
Dodging        | |  2.4
Stealth        | |  2.4

Action                   |  1- 3 |  4- 6 || total
-------------------------+-------+-------++-------
Melee: Dagger            |    18 |     9 ||    27
 Cast: Flame Tongue      |    53 |    69 ||   122
       Throw Flame       |    11 |    22 ||    33
       Conjure Flame     |     1 |     4 ||     5
       Inner Flame       |     1 |     3 ||     4
  Use: Scroll            |     5 |     5 ||    10
 Stab: Sleeping          |       |     3 ||     3
  Eat: Chunk             |     2 |     6 ||     8
Armor: Robe              |     3 |       ||     3
Dodge: Dodged            |    31 |    30 ||    61
